 Dungeon Crawl Stone Soup version 0.25.1-4-g9407a263a5 (webtiles) character file.

Game seed: 7537909201713859664

1141 Clowwww the Chopper (level 8, -4/60 HPs)
             Began as a Demonspawn Gladiator on Nov 27, 2020.
             Was a Believer of Makhleb.
             Splashed by a jelly's acid (8 damage)
             ... on level 7 of the Dungeon.
             The game lasted 00:15:59 (4823 turns).

Clowwww the Chopper (Demonspawn Gladiator)          Turns: 4823, Time: 00:16:00

Health: -4/60      AC:  1    Str: 16    XL:     8   Next: 14%
Magic:  8/8        EV: 18    Int: 11    God:    Makhleb [**....]
Gold:   257        SH:  0    Dex: 14    Spells: 7/7 levels left

rFire    + . .     SeeInvis .   a - +4 war axe
rCold    . . .     Gourm    .   (no shield)
rNeg     + . .     Faith    .   F - +2 leather armour {rPois}
rPois    +         Spirit   .   c - +0 helmet
rElec    .         Reflect  .   p - +0 cloak {MR+}
rCorr    .         Harm     .   (no gloves)
MR       +....                  h - +1 pair of boots
Stlth    +.........             u - amulet of magic regeneration
HPRegen  0.20/turn              i - ring of positive energy
MPRegen  0.36/turn              z - +4 ring of evasion

@: corroded
A: hooves 1, fire resistance 1, powered by death 2
a: Minor Destruction, Renounce Religion


You were on level 7 of the Dungeon.
You worshipped Makhleb.
Makhleb was pleased with you.
You were not hungry.

You visited 1 branch of the dungeon, and saw 7 of its levels.

You collected 257 gold pieces.

Inventory:

Hand Weapons
 a - a +4 war axe (weapon)
Missiles
 d - 3 throwing nets
 j - 5 javelins (quivered)
 B - 7 poisoned darts
Armour
 c - a +0 helmet (worn)
 h - a +1 pair of boots (worn)
 p - a +0 cloak of magic resistance (worn)
 q - a scarf of harm
 F - a +2 leather armour of poison resistance (worn)
Jewellery
 i - a ring of positive energy (left hand)
 s - an uncursed ring of flight
 u - an amulet of magic regeneration (around neck)
 y - an uncursed ring of ice
 z - a +4 ring of evasion (right hand)
 A - an uncursed ring of resist corrosion {unknown}
 C - an uncursed ring of protection from fire {unknown}
Wands
 x - a wand of random effects (8)
Scrolls
 g - 2 scrolls of remove curse
 n - a scroll of magic mapping {unknown}
 o - a scroll of enchant armour {unknown}
 r - a scroll of fear {unknown}
 v - a scroll of immolation {unknown}
 D - a scroll of fog {unknown}
 E - a scroll of enchant weapon
 G - 2 scrolls of amnesia {unknown}
Potions
 e - 3 potions of ambrosia
 k - a potion of lignification {unknown}
 l - a potion of resistance {unknown}
 m - 2 potions of brilliance {unknown}
 t - 3 potions of stabbing
 w - 2 potions of might {unknown}
Comestibles
 b - a chunk of flesh
 f - 12 rations


   Skills:
 + Level 3.9 Fighting
 + Level 6.9 Axes
 + Level 1.8 Throwing
 + Level 3.2 Armour
 + Level 4.2 Dodging
 + Level 1.0 Stealth
 + Level 1.3 Invocations


You had 7 spell levels left.
You didn't know any spells.
Your spell library was empty.

Dungeon Overview and Level Annotations

Branches:
Dungeon (7/15)             Temple (0/1) D:6

Altars:
Makhleb
Sif Muna
Trog
Uskayaw
Vehumet
Yredelemnul


Innate Abilities, Weirdness & Mutations

You have large cloven feet.
Your flesh is heat resistant. (rF+)
You regenerate health from kills.


Message History

You hit the jelly.
Your hands burn!
The black bear goes berserk!
The jelly misses you. The black bear bites you. The black bear claws you!
The black bear claws you but does no damage.
You completely miss the black bear.
The black bear is almost dead.
You hit the jelly but do no damage. The acid corrodes you!
Your hands burn!
The jelly misses you. The black bear bites you. The black bear claws you.
The black bear barely misses you.
You hit the black bear but do no damage.
The black bear is almost dead.
You hit the jelly but do no damage.
Your hands burn!
The black bear bites you!
* * * LOW HITPOINT WARNING * * *
The black bear claws you.
* * * LOW HITPOINT WARNING * * *
The black bear claws you.
* * * LOW HITPOINT WARNING * * *
The jelly hits you.
* * * LOW HITPOINT WARNING * * *
You are splashed with acid!
You die...

#. #####............
.##.##......#.........
.>..#..###..#......... #
#....####.####...#...
##. ....##...# #...####
....#.#.#..### #.#.#.#.#
......#...## #.......<
....).....#####..#.#.#.#
......J@....%... ......
.......h#.#####. #.#.#.#
............ #.....%.
....Y.#....## ##.#.#.#
...........# ####...
...?........ ...
.......###... ....=..
....


You could see a black bear (berserk), an ice beast and a jelly.

Vanquished Creatures
  Grinder (D:6)
  Eustachio (D:6)
  An ice beast (D:6)
  A sky beast (D:6)
  An ogre (D:5)
  A scorpion (D:4)
  A crimson imp (D:6)
  An orc priest (D:4)
  Crazy Yiuf (D:2)
  A hound (D:6)
  2 bullfrog skeletons
  Jessica (D:2)
  An orc wizard (D:4)
  2 worker ants
  A killer bee zombie (D:6)
  A hound skeleton (D:4)
  6 adders
  A shadow imp (D:5)
  3 oozes
  3 adder zombies
  2 adder skeletons
  2 worms
  A dart slug (D:1)
  3 leopard geckos
  5 orcs
  2 ball pythons
  5 bats
  12 giant cockroaches
  3 hobgoblins
  4 quokkas
  2 frilled lizards
  7 goblins
  6 kobolds
  8 rats
93 creatures vanquished.

Notes
Turn   | Place    | Note
-------+----------+-------------------------------------------
     0 | D:1      | Clowwww the Demonspawn Gladiator began the quest for the
                  | Orb.
     0 | D:1      | Reached XP level 1. HP: 16/16 MP: 1/1
   260 | D:1      | Gained mutation: You regenerate a little health from kills.
                  | [demonic ancestry]
   260 | D:1      | Reached XP level 2. HP: 22/22 MP: 2/2
   363 | D:1      | Reached skill level 3 in Axes
  1170 | D:2      | Found a faded altar of an unknown god.
  1180 | D:2      | Gained mutation: You have large cloven feet. [demonic
                  | ancestry]
  1180 | D:2      | Reached XP level 3. HP: 19/27 MP: 3/3
  1195 | D:2      | Became a worshipper of Makhleb the Destroyer
  1195 | D:2      | Reached * piety under Makhleb
  1363 | D:2      | Noticed Jessica
  1365 | D:2      | Killed Jessica
  1562 | D:2      | Found a runed translucent door.
  1563 | D:2      | Noticed Crazy Yiuf
  1571 | D:2      | Killed Crazy Yiuf
  1571 | D:2      | Reached skill level 1 in Armour
  1571 | D:2      | Gained mutation: Your flesh is heat resistant. (rF+)
                  | [demonic ancestry]
  1571 | D:2      | Reached XP level 4. HP: 17/33 MP: 4/4
  2090 | D:3      | Reached skill level 4 in Axes
  2409 | D:3      | Reached XP level 5. HP: 39/39 MP: 5/5
  2448 | D:3      | Reached ** piety under Makhleb
  2740 | D:4      | Gained mutation: You regenerate health from kills. [demonic
                  | ancestry]
  2740 | D:4      | Reached XP level 6. HP: 29/46 MP: 6/6
  3045 | D:5      | Entered Level 5 of the Dungeon
  3214 | D:5      | Reached skill level 5 in Axes
  3505 | D:5      | Found a basalt altar of Yredelemnul.
  3538 | D:5      | Found a hide-covered altar of Uskayaw.
  3540 | D:5      | Found a radiant altar of Vehumet.
  3540 | D:5      | Found a burning altar of Makhleb.
  3540 | D:5      | Found a bloodstained altar of Trog.
  3727 | D:6      | Reached XP level 7. HP: 52/52 MP: 7/7
  3958 | D:6      | Noticed Grinder
  3973 | D:6      | Reached skill level 6 in Axes
  3973 | D:6      | Reached skill level 1 in Stealth
  3982 | D:6      | Killed Grinder
  3982 | D:6      | Reached skill level 1 in Invocations
  4253 | D:6      | Found a staircase to the Ecumenical Temple.
  4398 | D:6      | Noticed Eustachio
  4411 | D:6      | Killed Eustachio
  4411 | D:6      | Reached XP level 8. HP: 38/60 MP: 8/8
  4666 | D:6      | Found a shimmering blue altar of Sif Muna.
  4823 | D:7      | Splashed by a jelly's acid

Illustrated notes

Levels and vault maps discovered:
D:1:      kilobyte_arrival_exit_the_forest, layout_loops_corners,
          palyth_stone_intersect
D:2:      layout_rooms, first_ration, chequers_ecumenical_altar_simple,
          minmay_misc_feat_x, uniq_crazy_yiuf_cottage, uniq_jessica
D:3:      layout_basic
D:4:      layout_basic
D:5:      minmay_inner_zag, layout_rooms, kennysheep_mini_moat,
          grunt_temple_overflow_open, hangedman_decor_peaks_small,
          kennysheep_generic_room_15
D:6:      layout_gridville, minmay_temple_entry_grid, basic_altar, uniq_grinder,
          uniq_eustachio
D:7:      layout_rooms, minmay_overflow_temple_hex, st_stairs_8

Skill      XL: |  1  2  3  4  5  6  7 |
---------------+----------------------+-----
Dodging        | 3 4 |  4.2
Axes           | 3 4 5 6 |  6.9
Armour         | 1 2 3 |  3.2
Fighting       | 3 |  3.9
Stealth        | 1 |  1.0
Invocations    | 1 |  1.3
Throwing       | |  1.8

Action                   |  1- 3 |  4- 6 |  7- 9 || total
-------------------------+-------+-------+-------++-------
Melee: War axe           |    96 |   150 |    56 ||   302
       Kick              |     2 |    34 |       ||    36
Throw: Javelin           |       |     2 |       ||     2
Invok: Minor Destruction |       |       |     3 ||     3
  Use: Scroll            |       |     8 |     2 ||    10
 Stab: Sleeping          |     3 |       |       ||     3
  Eat: Chunk             |     2 |     7 |       ||     9
       Ration            |       |       |     1 ||     1
Armor: Leather armour    |    30 |    42 |    24 ||    96
Dodge: Dodged            |    84 |   122 |    79 ||   285
